 Dungeon Crawl Stone Soup version 0.30.0-10-gfe55d96785 (webtiles) character file.

Game seed: 10585001300839730606

1214 unlimited1921 the Magician (level 8, 0/52 HPs)
             Began as a Djinni Fire Elementalist on May 15, 2023.
             Was a Follower of Qazlal.
             Slain by a gnoll sergeant
             ... wielding a +0 trident
              (14 damage)
             ... on level 6 of the Dungeon.
             The game lasted 00:25:43 (9356 turns).

unlimited1921 the Magician (DjFE)                   Turns: 9356, Time: 00:25:49

Health: 0/52       AC:  4    Str:  7    XL:     8   Next: 74%
Gold:   351        EV: 12    Int: 19    God:    Qazlal [*.....] SH:  1 Dex: 14

rFire   + + .        l - +0 trident
rCold   x . .        (no shield)
rNeg    + . .        i - +0 leather armour
rPois   ∞            r - +0 helmet
rElec   .            (no cloak)
rCorr   .            (no gloves)
SInv    .            (boots unavailable)
Will    .....        (no amulet)
Stlth   ++           n - ring of positive energy
HPRegen 0.28/turn    (no ring)
MPRegen 0.00/turn

%: infuse magic (-1 HP)
@: flying
A: sickness immunity, fire resistance 2, cold vulnerability 1, float, innate
caster, HP casting, extra vitality 1
a: Renounce Religion


You were on level 6 of the Dungeon.
You worshipped Qazlal.
Qazlal was aware of your devotion.
You visited 2 branches of the dungeon, and saw 7 of its levels.
You also visited: Sewer.

You collected 351 gold pieces.

Inventory:

Hand Weapons
 l - a +0 trident (weapon)
Missiles
 m - 22 poisoned darts
 t - 2 throwing nets
 x - 5 boomerangs
Armour
 i - a +0 leather armour (worn)
 r - a +0 helmet (worn)
Jewellery
 n - a ring of positive energy (left hand)
Scrolls
 b - a scroll of fog
 e - 6 scrolls of teleportation
 f - 2 scrolls of fear {unknown}
 g - a scroll of brand weapon
 h - a scroll of enchant weapon
 j - a scroll of butterflies
 p - a scroll of amnesia
Potions
 a - a potion of brilliance {unknown}
 c - a potion of mutation {unknown}
 d - a potion of lignification {unknown}
 k - 3 potions of resistance {unknown}
 o - a potion of attraction {unknown}
 q - a potion of curing {unknown}
 s - a potion of might {unknown}
 u - a potion of magic {unknown}
 v - 2 potions of invisibility {unknown}
 w - 2 potions of heal wounds {unknown}


   Skills:
 + Level 1.1 Fighting
 + Level 1.2 Polearms
 + Level 3.0 Armour
 + Level 3.2 Dodging
 + Level 3.0 Stealth
 + Level 6.7 Spellcasting


You knew the following spells:

 Your Spells              Type           Power      Damage    Failure   Level
a - Foxfire               Conj/Fire      100%       2x1d9     1%          1
b - Scorch                Fire           64%        2d7       1%          2
c - Volatile Blastmotes   Fire/Tloc      64%        2d15      2%          3
d - Inner Flame           Hex/Fire       32%        N/A       2%          3
e - Flame Wave            Conj/Fire      32%        2d9       10%         4
f - Magic Dart            Conj           100%       1d8       1%          1
g - Static Discharge      Conj/Air       64%        2-5/arc   1%          2
h - Lesser Beckoning      Tloc           64%        N/A       1%          2
Your spell library was empty.

Dungeon Overview and Level Annotations

Branches:
Dungeon (6/15)             Temple (1/1) D:4           Sewer (visited)

Altars:
Ashenzari
Cheibriados
Dithmenos
Gozag
Hepliaklqana
Makhleb
Nemelex Xobeh
Okawaru
Qazlal
Ru
Trog
Uskayaw
Wu Jian
Xom
Yredelemnul
Zin
The Shining One


Innate Abilities, Weirdness & Mutations

You are immune to sickness and miasma.
You are immune to poison.
Your flesh is very heat resistant. (rF++)
You are vulnerable to cold. (rC-)
You float through the air rather than walking.
You learn spells naturally, not from books.
Your magical power is your life essence.
You have superior vitality. (+4 MHP)


Message History

The gnoll is filled with an inner flame.
The gnoll sergeant shouts!
You hear a shout!
The gnoll closely misses you.
You hear a shout!
Casting: Inner Flame (dangerous; 2% risk of failure)
Confirm with . or Enter, or press ? or * to list all spells.
Aiming: Inner Flame (dangerous; 2% risk of failure)
Press: ? - help, Dir - move target, f - gnoll sergeant, p - gnoll
Aim: a gnoll sergeant, wielding a +0 trident and wearing a +0 ring mail (chance to affect: 85%)
The gnoll sergeant is filled with an inner flame.
The gnoll hits you with a +0 flail.
A wight comes into view. It is wielding a +0 battleaxe.
The gnoll sergeant barely misses you.
Casting: Inner Flame (dangerous; 2% risk of failure)
Confirm with . or Enter, or press ? or * to list all spells.
Aiming: Inner Flame (dangerous; 2% risk of failure)
Press: ? - help, Dir - move target, f - wight, p - gnoll sergeant
Aim: a wight, wielding a +0 battleaxe and wearing a +0 robe (chance to affect: 85%)
The wight is filled with an inner flame.
The gnoll barely misses you.
A gnoll comes into view. It is wielding a +0 club.
A wight comes into view. It is wielding a +0 war axe.
The gnoll sergeant hits you from afar with a +0 trident!
Casting: Inner Flame (dangerous; 2% risk of failure)
Confirm with . or Enter, or press ? or * to list all spells.
Aiming: Inner Flame (dangerous; 2% risk of failure)
Press: ? - help, Dir - move target, f - gnoll, p - wight
Aim: a gnoll, wielding a +0 club (chance to affect: 90%)
The gnoll is filled with an inner flame.
The gnoll closely misses you.
An iguana comes into view.
The gnoll sergeant hits you from afar with a +0 trident!
Casting: Inner Flame (dangerous; 2% risk of failure)
Confirm with . or Enter, or press ? or * to list all spells.
You conjure some foxfire!
The iguana hisses angrily.
The gnoll hits you with a +0 flail!
* * * LOW HITPOINT WARNING * * *
The gnoll sergeant hits you from afar with a +0 trident!
You die...

.. .. #.
##.#######
##...##...##
.z♣gg..♣)<#
#zhg##.g.##
##g# #####
##@## #vv.#
#.♣.# #...#
##<## ###


You could see a gnoll sergeant (inner flame), a hound (inner flame), 2 wights
and 3 gnolls.

Vanquished Creatures
  Grinder (D:3)
  A black bear (D:6)
  An ice beast (D:4)
  A centaur (D:5)
  2 kobold brigands (Sewer)
  A bullfrog (D:4)
  Blork the orc (D:5)
  3 hounds (D:5)
  An orc priest (D:4)
  An iguana (D:4)
  4 orc wizards
  Natasha (D:4)
  4 gnolls (D:5)
  7 adders
  3 dart slugs
  11 orcs
  8 bats
  7 endoplasms
  6 giant cockroaches
  6 goblins
  10 hobgoblins
  3 jackals (D:4)
  5 quokkas
  7 ball pythons
  8 frilled lizards
  16 kobolds
  5 rats
124 creatures vanquished.

Vanquished Creatures (collateral kills)
  4 foxfires (Sewer)
4 creatures vanquished.

Vanquished Creatures (others)
  299 foxfires
299 creatures vanquished.

Grand Total: 427 creatures vanquished

Notes
Turn   | Place    | Note
-------+----------+-------------------------------------------
     0 | D:1      | unlimited1921 the Djinni Fire Elementalist began the quest
                  | for the Orb.
     0 | D:1      | unlimited1921 set off with the following spells memorised:
                  | Foxfire, Scorch, Volatile Blastmotes, Inner Flame, Flame
                  | Wave.
     0 | D:1      | Reached XP level 1. HP: 15/15 MP: 0/0
   458 | D:1      | Reached XP level 2. HP: 19/21 MP: 0/0
   820 | D:1      | Reached skill level 3 in Spellcasting
  1061 | D:1      | Reached XP level 3. HP: 22/25 MP: 0/0
  1061 | D:1      | Learned a level 1 spell: Magic Dart
  2933 | D:2      | Found a faded altar of an unknown god.
  2943 | D:2      | You are sucked into a shaft and drop 1 floor!
  2956 | D:3      | Reached XP level 4. HP: 29/31 MP: 0/0
  3535 | D:3      | Noticed Grinder
  3539 | D:3      | Killed Grinder
  3540 | D:3      | Reached skill level 1 in Armour
  3540 | D:3      | Reached skill level 4 in Spellcasting
  3540 | D:3      | Reached XP level 5. HP: 16/35 MP: 0/0
  3540 | D:3      | Learned a level 2 spell: Static Discharge
  3540 | D:3      | Reached XP level 6. HP: 19/40 MP: 0/0
  4414 | D:4      | Reached skill level 5 in Spellcasting
  4670 | D:4      | Reached XP level 7. HP: 33/45 MP: 0/0
  4670 | D:4      | Learned a level 2 spell: Lesser Beckoning
  5233 | D:4      | Found a hazy altar of Hepliaklqana.
  5235 | D:4      | Noticed Natasha
  5239 | D:4      | Killed Natasha
  6519 | D:4      | Found a staircase to the Ecumenical Temple.
  6638 | Temple   | Entered the Ecumenical Temple
  6758 | Temple   | Became a worshipper of Qazlal Stormbringer
  6838 | D:5      | Entered Level 5 of the Dungeon
  6964 | D:5      | Reached XP level 8. HP: 39/51 MP: 0/0
  7176 | D:5      | Noticed Blork the orc
  7182 | D:5      | Killed Blork the orc
  7183 | D:5      | Reached skill level 6 in Spellcasting
  7294 | D:5      | Found a glowing drain.
  7310 | Sewer    | Entered a sewer
  7682 | Sewer    | Reached skill level 1 in Fighting
  8080 | Sewer    | Reached * piety under Qazlal
  8081 | Sewer    | Reached skill level 1 in Polearms
  9356 | D:6      | Slain by a gnoll sergeant

Illustrated notes

Levels and vault maps discovered:
D:1:      elethiomel_arrival_quiet, layout_rooms, minmay_split_cup_small
D:2:      layout_loops_corners, basic_ecumenical_altar
D:3:      layout_basic, eino_tiny_chamber, uniq_grinder
D:4:      layout_loops_corners, mainiacjoe_overflow_paths, temple_hall,
          hangedman_decor_opposing, minmay_small_thing, uniq_natasha
D:5:      layout_loops_corners, portal_sewer_entry_d, uniq_blork_the_orc
D:6:      layout_rooms, enter_ossuary_2, minmay_shop_grid_forest,
          grunt_ministairs_5, skrybe_limestone_x
Temple:   nicolae_temple_bog_church

Skill      XL: |  1  2  3  4  5  6  7  8 |
---------------+-------------------------+-----
Spellcasting   | 3 4 5 6 |  6.7
Armour         | 1 2 3 |  3.0
Stealth        | 2 3 |  3.0
Dodging        | 3 |  3.2
Fighting       | 1 |  1.1
Polearms       | 1 |  1.2

Action                     |  1- 3 |  4- 6 |  7- 9 || total
---------------------------+-------+-------+-------++-------
  Melee: Trident           |       |     9 |    54 ||    63
   Cast: Foxfire           |    84 |    40 |    76 ||   200
         Scorch            |     8 |     6 |    18 ||    32
         Inner Flame       |     3 |     9 |    24 ||    36
         Volatile Blastmot |       |       |    13 ||    13
    Use: Scroll            |       |       |     7 ||     7
   Stab: Sleeping          |       |     1 |     1 ||     2
 Armour: Robe              |     1 |       |       ||     1
         Leather armour    |     1 |     2 |    26 ||    29
  Dodge: Dodged            |     8 |     5 |    43 ||    56
  Block: Other             |       |       |     2 ||     2
